 Dungeon Crawl Stone Soup version 0.25-a0-279-g53730b6a6f (webtiles) character file.

Game seed: 7328657125935387587, levelgen mode: deterministic

72 Jannitor the Chiller (level 4, -2/30 HPs)
             Began as a Demonspawn Ice Elementalist on Dec 10, 2019.
             Slain by Purgy (3 damage)
             ... in a sewer.
             The game lasted 00:03:07 (2273 turns).

Jannitor the Chiller (Demonspawn Ice Elementalist)  Turns: 2273, Time: 00:03:07

Health: -2/30      AC:  3    Str:  8    XL:     4   Next: 6%
Magic:  4/7        EV: 13    Int: 18    God:
Gold:   129        SH:  0    Dex: 13    Spells: 6/7 levels left

rFire    + . .     SeeInvis .   b - +0 dagger
rCold    + . .     Gourm    .   (no shield)
rNeg     . . .     Faith    .   a - +0 robe
rPois    +         Spirit   .   (helmet restricted)
rElec    +         Reflect  .   k - +0 cloak (curse)
rCorr    +         Harm     .   (no gloves)
MR       .....                  (no boots)
Stlth    ++........             (no amulet)
HPRegen  0.10/turn              (no ring)
MPRegen  0.10/turn              (no ring)

@: resistant
A: horns 1
a: no special abilities


You were in a sewer.
You were not hungry.

You visited 1 branch of the dungeon, and saw 3 of its levels.
You also visited: Sewer.

You collected 129 gold pieces.

Inventory:

Hand Weapons
 b - a +0 dagger (weapon)
Missiles
 g - 3 javelins (quivered)
Armour
 a - a +0 robe (worn)
 k - a cursed +0 cloak (worn)
Scrolls
 e - 4 scrolls of identify {unknown}
 f - 2 scrolls of remove curse {unknown}
 h - a scroll of enchant armour {unknown}
 i - a scroll of blinking {unknown}
Comestibles
 c - 4 rations
 d - 3 chunks of flesh


   Skills:
 + Level 2.9 Dodging
 - Level 2.1 Stealth
 - Level 2.2 Spellcasting
 + Level 4.3 Ice Magic


You had 6 spell levels left.
You knew the following spells:

 Your Spells              Type           Power        Failure   Level  Hunger
a - Freeze                Ice            ###.         3%          1    #......

Your spell library contained the following spells:

 Spells                   Type           Power        Failure   Level  Hunger
 Ozocubu's Armour         Chrm/Ice       #.......     22%         3    ###....
 Hailstorm                Conj/Ice       #.......     58%         4    #####..
 Summon Ice Beast         Ice/Summ       #.......     58%         4    #####..


Dungeon Overview and Level Annotations

Branches:
Dungeon (3/15)              Sewer (1/1)

Altars:

Annotations:
Sewer Purgy


Innate Abilities, Weirdness & Mutations

You have a pair of small horns on your head.


Message History

You freeze Purgy.
Purgy is moderately wounded.
Purgy bites you. Purgy barely misses you. Purgy claws you but does no damage.
Casting: Freeze (safe; 3% risk of failure)
Confirm with . or Enter, or press ? or * to list all spells.
Aiming: Freeze (safe; 3% risk of failure)
Press: ? - help, Shift-Dir - straight line, f/p - Purgy
Aim: Purgy (lightly wounded)
You freeze Purgy.
Purgy is moderately wounded.
Purgy bites you.
* * * LOW HITPOINT WARNING * * *
Purgy claws you.
* * * LOW HITPOINT WARNING * * *
Purgy claws you.
* * * LOW HITPOINT WARNING * * *
It was a potion of resistance.
You feel protected. Purgy bites you.
You die...

#.≈≈≈≈≈≈≈≈≈≈
#.≈≈≈≈≈≈≈≈≈##
≈≈≈≈≈≈≈≈≈≈≈#
.≈≈≈≈≈≈≈≈≈≈
#.≈≈≈≈≈≈≈≈#
#.≈≈≈≈≈≈≈≈≈
#≈≈≈≈≈≈≈≈# ##T≈≈≈≈≈≈#
#.@≈≈≈≈≈≈≈ ##.≈≈≈≈≈≈≈
##≈≈≈≈≈≈≈#
####≈≈≈≈≈≈≈≈#
#..≈≈≈≈≈≈≈≈≈#
##.≈≈≈≈≈≈≈≈≈≈≈ ###
##.≈≈≈≈≈≈≈≈≈≈≈#
###.###≈≈≈≈≈≈≈≈≈≈≈≈≈#
#.∩∩.##.≈≈≈≈≈≈≈≈≈≈≈≈#


You could see Purgy.

Vanquished Creatures
  2 adders (D:2)
  A river rat (D:3)
  A dart slug (D:1)
  A leopard gecko (D:1)
  2 giant cockroaches
  4 hobgoblins
  4 jackals (D:1)
  2 ball pythons
  5 bats
  6 frilled lizards
  5 goblins (D:1)
  3 kobolds
  7 rats
43 creatures vanquished.

Notes
Turn   | Place    | Note
-------+----------+-------------------------------------------
     0 | D:1      | Jannitor the Demonspawn Ice Elementalist began the quest
                  | for the Orb.
     0 | D:1      | Reached XP level 1. HP: 13/13 MP: 3/3
   186 | D:1      | Gained mutation: You have a pair of small horns on your
                  | head. [demonic ancestry]
   186 | D:1      | Reached XP level 2. HP: 18/19 MP: 3/5
   935 | D:1      | Reached XP level 3. HP: 22/24 MP: 2/6
   938 | D:1      | Reached skill level 4 in Ice Magic
  2218 | D:3      | Reached XP level 4. HP: 29/30 MP: 3/7
  2233 | D:3      | Found a glowing drain.
  2252 | Sewer    | Entered a sewer
  2267 | Sewer    | Noticed Purgy
  2272 | Sewer    | HP: 1/30 [Purgy (3)]
  2273 | Sewer    | Slain by Purgy

Levels and vault maps discovered:
D:1:      ncdulo_watergridlock, layout_rooms
D:2:      layout_basic
D:3:      layout_loops_corners, gup_sewer_entry_bowl, kennysheep_crisscross
Sewer:    sewer_co_purgy_island

Skill      XL: |  1  2  3 |
---------------+----------+-----
Dodging        | 2 |  2.9
Stealth        | 2 |  2.1
Ice Magic      | 4 |  4.3
Spellcasting   | |  2.2

Action                   |  1- 3 |  4- 6 || total
-------------------------+-------+-------++-------
Melee: Dagger            |    74 |     6 ||    80
       Headbutt          |     6 |     1 ||     7
Throw: Javelin           |     2 |       ||     2
 Cast: Freeze            |    43 |     4 ||    47
  Use: Potion            |       |     1 ||     1
 Stab: Sleeping          |     5 |       ||     5
  Eat: Chunk             |     5 |       ||     5
Armor: Robe              |    25 |     3 ||    28
Dodge: Dodged            |    74 |     2 ||    76

Table legend:
 A = Non-vault XP
 B = Vault XP
 C = Vault XP percentage of total XP
 D = Non-vault monster count
 E = Vault monster count
 F = Vault count percentage of total count
                 A         B        C        D         E       F
            +---------+---------+-------+---------+---------+-------
      Total |      88 |      15 |  14.6 |      40 |       3 |   7.0
            +---------+---------+-------+---------+---------+-------
        D:1 |      46 |       0 |   0.0 |      28 |       0 |   0.0
        D:2 |      38 |       0 |   0.0 |      10 |       0 |   0.0
        D:3 |       4 |      15 |  78.9 |       2 |       3 |  60.0
            +---------+---------+-------+---------+---------+-------
